% Time on Ice - KANSAS CITY KILLERBEES
Lines # - Real PCT - Wanted PCT - Time Play
Normal Forward
1 - 35% - 36% - 16:36
2 - 35% - 31% - 16:46
3 - 20% - 23% - 9:30
4 - 11% - 10% - 5:02
Normal Defense
1 - 34% - 36% - 16:08
2 - 33% - 31% - 15:49
3 - 29% - 23% - 13:42
4 - 5% - 10% - 2:15
PP Forward
1 - 56% - 55% - 3:26
2 - 44% - 45% - 2:43
PP Defense
1 - 67% - 55% - 4:08
2 - 33% - 45% - 2:01
PK Forward
1 - 55% - 55% - 3:16
2 - 45% - 45% - 2:41
PK Defense
1 - 40% - 55% - 2:23
2 - 60% - 45% - 3:34
PK3 Forward
1 - 0% - 55%
2 - 0% - 45%
PK3 Defense
1 - 0% - 55%
2 - 0% - 45%
44 Forward
1 - 0% - 55%
2 - 0% - 45%
44 Defense
1 - 0% - 55%
2 - 0% - 45%
Last Minute Offensive  - 0:00
Last Minute Defensive  - 0:00
Total
Forward - 60:00
Defense - 60:00
% Time on Ice - EDMONTON ICE
Lines # - Real PCT - Wanted PCT - Time Play
Normal Forward
1 - 37% - 37% - 17:31
2 - 36% - 36% - 17:08
3 - 21% - 22% - 9:55
4 - 7% - 5% - 3:20
Normal Defense
1 - 39% - 37% - 18:53
2 - 33% - 34% - 15:51
3 - 25% - 23% - 12:01
4 - 2% - 6% - 1:09
PP Forward
1 - 56% - 60% - 3:21
2 - 44% - 40% - 2:36
PP Defense
1 - 45% - 55% - 2:39
2 - 55% - 45% - 3:18
PK Forward
1 - 56% - 57% - 3:26
2 - 44% - 43% - 2:43
PK Defense
1 - 51% - 57% - 3:08
2 - 49% - 43% - 3:01
PK3 Forward
1 - 0% - 55%
2 - 0% - 45%
PK3 Defense
1 - 0% - 55%
2 - 0% - 45%
44 Forward
1 - 0% - 55%
2 - 0% - 45%
44 Defense
1 - 0% - 55%
2 - 0% - 45%
Last Minute Offensive  - 0:00
Last Minute Defensive  - 0:00
Total
Forward - 60:00
Defense - 60:00
Play-by-Play 1st period 0:01 of 1st period - Ryan O'Reilly wins face-off versus Mikko Koivu in neutral zone. 1:11 of 1st period - Shot by Vincent Trocheck. 1:11 of 1st period - Shot Blocked by Colin Miller. 1:13 of 1st period - Shot by Vincent Trocheck. 1:13 of 1st period - Shot Blocked by Will Butcher. 1:15 of 1st period - Shot by Vincent Trocheck. 1:15 of 1st period - Stopped by Casey DeSmith with a rebound. 1:17 of 1st period - Shot by Ryan Graves. 1:17 of 1st period - Shot Misses the Net. 1:19 of 1st period - Shot by Vincent Trocheck. 1:19 of 1st period - Stopped by Casey DeSmith without a rebound. 1:20 of 1st period - Boone Jenner wins face-off versus Riley Sheahan in KANSAS CITY KILLERBEES zone. 2:38 of 1st period - Shot by Nicholas Ritchie. 2:38 of 1st period - Shot Blocked by Ryan Graves. 3:08 of 1st period - Shot by Yegor Sharangovich. 3:08 of 1st period - Shot Misses the Net. 3:30 of 1st period - Shot by Zach Hyman. 3:30 of 1st period - Deflect By Sean Couturier. 3:30 of 1st period - Stopped by Philipp Grubauer without a rebound. 3:31 of 1st period - Sean Couturier wins face-off versus Ryan O'Reilly in EDMONTON ICE zone. 3:37 of 1st period - Icing by Shea Theodore. 3:38 of 1st period - Anthony Mantha wins face-off versus Zach Hyman in EDMONTON ICE zone. 4:18 of 1st period - Icing by Cam Fowler. 4:19 of 1st period - Boone Jenner wins face-off versus Mikko Koivu in KANSAS CITY KILLERBEES zone. 4:36 of 1st period - Icing by Boone Jenner. 4:37 of 1st period - Josh Archibald wins face-off versus Boone Jenner in EDMONTON ICE zone. 4:38 of 1st period - Shot by Zach Aston-Reese. 4:38 of 1st period - Shot Misses the Net. 5:34 of 1st period - Shot by Vincent Trocheck. 5:34 of 1st period - Shot Blocked by K'Andre Miller. 6:32 of 1st period - Shot by Ryan O'Reilly. 6:32 of 1st period - Stopped by Casey DeSmith without a rebound. 6:33 of 1st period - Mikko Koivu wins face-off versus Ryan O'Reilly in KANSAS CITY KILLERBEES zone. 6:33 of 1st period - Mikko Koivu is hit by Joel Eriksson Ek. 6:43 of 1st period - Shot by Sean Couturier. 6:43 of 1st period - Stopped by Philipp Grubauer without a rebound. 6:44 of 1st period - Riley Sheahan wins face-off versus Boone Jenner in EDMONTON ICE zone. 6:51 of 1st period - Shot by Josh Archibald. 6:51 of 1st period - Stopped by Philipp Grubauer with a rebound. 7:00 of 1st period - Josh Archibald is hit by Ryan Graves and loses puck. 7:13 of 1st period - Josh Archibald is hit by Ryan Graves and loses puck. 7:19 of 1st period - Icing by Ryan Graves. 7:20 of 1st period - Mikko Koivu wins face-off versus John Leonard in EDMONTON ICE zone. 7:21 of 1st period - Shot by Sean Couturier. 7:21 of 1st period - Shot Misses the Net. 7:23 of 1st period - Shot by Zach Hyman. 7:23 of 1st period - Stopped by Philipp Grubauer without a rebound. 7:24 of 1st period - Mikko Koivu wins face-off versus Ryan O'Reilly in EDMONTON ICE zone. 7:30 of 1st period - Icing by Jeff Petry. 7:31 of 1st period - Mikko Koivu wins face-off versus Anthony Mantha in EDMONTON ICE zone. 9:01 of 1st period - Shot by Yegor Sharangovich. 9:01 of 1st period - Stopped by Philipp Grubauer without a rebound. 9:02 of 1st period - Riley Sheahan wins face-off versus Vincent Trocheck in EDMONTON ICE zone. 9:07 of 1st period - Shot by Riley Sheahan. 9:07 of 1st period - Stopped by Philipp Grubauer with a rebound. 9:37 of 1st period - Shot by Vincent Trocheck. 9:37 of 1st period - Stopped by Casey DeSmith without a rebound. 9:38 of 1st period - Nicholas Ritchie wins face-off versus Ryan O'Reilly in KANSAS CITY KILLERBEES zone. 9:50 of 1st period - Shea Theodore is hit by Adam Larsson and loses puck. 9:57 of 1st period - Shot by Joel Eriksson Ek. 9:57 of 1st period - Shot Misses the Net. 9:59 of 1st period - Shot by Ryan O'Reilly. 9:59 of 1st period - Deflect By Joel Eriksson Ek. 9:59 of 1st period - Stopped by Casey DeSmith without a rebound. 10:00 of 1st period - Boone Jenner wins face-off versus Josh Archibald in KANSAS CITY KILLERBEES zone. 10:00 of 1st period - Mathieu Perreault is hit by Jacob Muzzin and loses puck. 10:11 of 1st period - Shot by Nikita Zaitsev. 10:11 of 1st period - Shot Blocked by Jacob Muzzin. 10:13 of 1st period - Shot by Boone Jenner. 10:13 of 1st period - Goal by Boone Jenner - KANSAS CITY KILLERBEES : 0 - EDMONTON ICE : 1. 10:14 of 1st period - Vincent Trocheck wins face-off versus Nicholas Ritchie in neutral zone. 10:29 of 1st period - Shot by Timo Meier. 10:29 of 1st period - Shot Misses the Net. 10:32 of 1st period - Icing by K'Andre Miller. 10:33 of 1st period - Nicholas Ritchie wins face-off versus Joel Eriksson Ek in KANSAS CITY KILLERBEES zone. 10:40 of 1st period - Yegor Sharangovich is hit by Joel Eriksson Ek and loses puck. 11:18 of 1st period - Shot by Joel Eriksson Ek. 11:18 of 1st period - Shot Blocked by K'Andre Miller. 11:52 of 1st period - Shot by Vincent Trocheck. 11:52 of 1st period - Shot Misses the Net. 12:08 of 1st period - Shot by Zach Hyman. 12:08 of 1st period - Stopped by Philipp Grubauer with a rebound. 12:23 of 1st period - Minor Penalty to Zach Whitecloud for Roughing. 12:24 of 1st period - Boone Jenner wins face-off versus Josh Archibald in EDMONTON ICE zone. 12:53 of 1st period - Shot by Will Butcher. 12:53 of 1st period - Stopped by Philipp Grubauer without a rebound. 12:54 of 1st period - Boone Jenner wins face-off versus Sean Couturier in EDMONTON ICE zone. 13:17 of 1st period - Shot by Sean Couturier. 13:17 of 1st period - Shot Blocked by Shea Theodore. 13:19 of 1st period - Shot by Adam Larsson. 13:19 of 1st period - Stopped by Philipp Grubauer without a rebound. 13:20 of 1st period - Boone Jenner wins face-off versus Josh Archibald in EDMONTON ICE zone. 13:20 of 1st period - Boone Jenner is hit by Josh Archibald. 15:10 of 1st period - Shot by Ryan O'Reilly. 15:10 of 1st period - Stopped by Casey DeSmith without a rebound. 15:11 of 1st period - Vincent Trocheck wins face-off versus Nicholas Ritchie in KANSAS CITY KILLERBEES zone. 15:24 of 1st period - Shot by Timo Meier. 15:24 of 1st period - Shot Misses the Net. 15:37 of 1st period - Icing by Cam Fowler. 15:38 of 1st period - Nicholas Ritchie wins face-off versus Boone Jenner in KANSAS CITY KILLERBEES zone. 15:45 of 1st period - Shot by Nick Schmaltz. 15:45 of 1st period - Stopped by Philipp Grubauer with a rebound. 16:05 of 1st period - Shot by Nick Schmaltz. 16:05 of 1st period - Shot Misses the Net. 16:28 of 1st period - Shot by Ryan Dzingel. 16:28 of 1st period - Stopped by Philipp Grubauer without a rebound. 16:29 of 1st period - Mikko Koivu wins face-off versus Phil Kessel in EDMONTON ICE zone. 17:37 of 1st period - Off-side. 17:38 of 1st period - Ryan O'Reilly wins face-off versus Nicholas Ritchie in neutral zone. 17:59 of 1st period - Shot by Joel Eriksson Ek. 17:59 of 1st period - Stopped by Casey DeSmith without a rebound. 18:00 of 1st period - Boone Jenner wins face-off versus Riley Sheahan in KANSAS CITY KILLERBEES zone. 18:12 of 1st period - Minor Penalty to Colin Miller for Hooking. 18:13 of 1st period - Ryan O'Reilly wins face-off versus Josh Archibald in KANSAS CITY KILLERBEES zone. 18:40 of 1st period - Shot by Anthony Mantha. 18:40 of 1st period - Stopped by Casey DeSmith without a rebound. 18:41 of 1st period - Zach Hyman wins face-off versus Vincent Trocheck in KANSAS CITY KILLERBEES zone. 18:56 of 1st period - Shot by Vincent Trocheck. 18:56 of 1st period - Shot Blocked by Will Butcher. Goals for this period are 0 for KANSAS CITY KILLERBEES vs 1 for EDMONTON ICE. Shots for this period are 11 for KANSAS CITY KILLERBEES vs 9 for EDMONTON ICE. 2nd period 0:01 of 2nd period - Riley Sheahan wins face-off versus Ryan O'Reilly in neutral zone. 0:07 of 2nd period - Icing by Shea Theodore. 0:08 of 2nd pe